 Dungeon Crawl Stone Soup version 0.31-a0-819-gf6de2f5ab6 (webtiles) character file.

Game seed: 3195713802146223394

118 dialectric the Sneak (level 5, -5/36 HPs)
             Began as an Octopode Fighter on Sept 23, 2023.
             Was a Follower of Fedhas.
             Killed from afar by an orc wizard (8 damage)
             ... with a puff of flame
             ... on level 4 of the Dungeon.
             The game lasted 00:02:01 (2116 turns).

dialectric the Sneak (Octopode Fighter)             Turns: 2116, Time: 00:02:02

Health: -5/36      AC:  1    Str: 21    XL:     5   Next: 2%
Magic:  5/5        EV: 13    Int: 17    God:    Fedhas [*.....]
Gold:   117        SH:  4    Dex: 13    Spells: 4/4 levels left

rFire   . . .        a - +0 trident
rCold   . . .        b - +0 buckler
rNeg    . . .        (helmet restricted)
rPois   .            (no amulet)
rElec   .            j - +6 ring of strength
rCorr   .            r - ring of flight
SInv    .            m - +6 ring of intelligence
Will    .....        (no ring)
Stlth   +++          (no ring)
HPRegen 0.26/turn    (no ring)
MPRegen 0.09/turn    (no ring)
                     (no ring)

%: no passive effects
@: flying
A: almost no armour, amphibious, 8 rings, camouflage 1, gelatinous body 1,
(nimble swimmer 1), tentacles
a: Renounce Religion


You were on level 4 of the Dungeon.
You worshipped Fedhas.
Fedhas was aware of your devotion.
You visited 1 branch of the dungeon, and saw 4 of its levels.

You collected 150 gold pieces.
You spent 33 gold pieces at shops.

Inventory:

Hand Weapons
 a - a +0 trident (weapon)
Missiles
 l - 2 poisoned darts (quivered)
Armour
 b - a +0 buckler (worn)
Jewellery
 j - a +6 ring of strength (left tentacle)
 m - a +6 ring of intelligence (on tentacle)
 r - a ring of flight (right tentacle)
Wands
 s - a wand of flame (26)
Scrolls
 f - a scroll of blinking {unknown}
 i - 2 scrolls of identify {unknown}
 k - 2 scrolls of amnesia {unknown}
 n - 2 scrolls of teleportation
 o - a scroll of enchant weapon {unknown}
 q - a scroll of silence {unknown}
Potions
 d - a potion of berserk rage {unknown}
 e - a potion of haste
 h - a potion of resistance {unknown}
 p - a potion of attraction {unknown}


   Skills:
 + Level 3.2 Fighting
 + Level 3.3 Polearms
 + Level 3.3 Dodging
 + Level 3.8 Stealth
 + Level 3.2 Shields


You had 4 spell levels left.
You didn't know any spells.
Your spell library contained the following spells:

 Spells                   Type           Power      Damage    Failure   Level
 Ignite Poison            Fire/Tmut/Pois 0%         N/A       65%         3
 Sticky Flame             Conj/Fire      0%         2d3       96%         4
 Ignition                 Fire           0%         3d3       100%        8


Dungeon Overview and Level Annotations

Branches:
Dungeon (4/15)
 Temple: D:4-7

Altars:
Fedhas

Shops:
D:2 ?   D:3 *


Innate Abilities, Weirdness & Mutations

You cannot wear most types of armour.
You are amphibious.
You can wear up to eight rings at the same time.
Your skin changes colour to match your surroundings (Stealth+).
Your rubbery body absorbs attacks. (AC +1, EV +1)
((You are camouflaged when in or above water. (Stealth+)))
You have tentacles for arms and can constrict up to eight enemies at once.


Message History

Fedhas appreciates your contribution to the ecosystem.
Something hits you.
Your Polearms skill increases to level 3!
You have reached level 5!
You feel clever.
You hit the orc.
You kill the orc!
Fedhas appreciates your contribution to the ecosystem.
Something hits you.
You hear some strange, mumbled words.
A puff of flame appears from out of thin air!
The puff of flame hits you!
Items here: )) [[ ††.
Something hits you.
* * * LOW HITPOINT WARNING * * *
Items here: )) [[ ††.
Something hits you.
* * * LOW HITPOINT WARNING * * *
Things that are here:
a +0 dagger; a +0 robe; an orc corpse It was a potion of haste.
You feel yourself speed up. Something hits you.
* * * LOW HITPOINT WARNING * * *
It was a potion of cancellation.
Your magical effects are unravelling.
You feel magically purged.
You feel yourself slow down.
You feel a little less mighty now.
An orc wizard appears from thin air!
Reactivating autopickup.
The orc wizard points at you and mumbles some strange words.
You are confused.
Unknown command.
Unknown command.
You closely miss the orc wizard. The orc wizard barely misses you.
You bump into the rock wall.
The orc wizard barely misses you.
The orc wizard hits you but does no damage.
You feel less confused. The orc wizard casts a spell at you.
The puff of flame hits you!
You die...
Fedhas appreciates your contribution to the ecosystem.

..###...#.....[.....
#.#............
###......##...
#.......##.. .
##....).## ...
####.##)..#....
#......o.....##
#...............
#.....@##.......
####...# .......
#.... ####..# #...$.
### ####..# .## ##


You could see an orc wizard.

Vanquished Creatures
  2 orc wizards (D:4)
  An adder (D:2)
  A worm (D:2)
  3 dart slugs
  3 orcs
  4 ball pythons
  3 bats
  5 endoplasms
  2 giant cockroaches
  4 goblins
  2 hobgoblins (D:2)
  3 jackals (D:2)
  2 quokkas
  3 frilled lizards (D:1)
  2 kobolds
  8 rats
48 creatures vanquished.

Notes
Turn   | Place    | Note
-------+----------+-------------------------------------------
     0 | D:1      | dialectric the Octopode Fighter began the quest for the
                  | Orb.
     0 | D:1      | Reached XP level 1. HP: 16/16 MP: 1/1
   273 | D:1      | Reached XP level 2. HP: 21/21 MP: 2/2
   553 | D:1      | Reached skill level 1 in Stealth
   698 | D:2      | Reached XP level 3. HP: 21/26 MP: 3/3
  1290 | D:2      | Found Niutos's Magic Scroll Emporium.
  1294 | D:2      | Bought a scroll of teleportation for 33 gold pieces
  1335 | D:2      | Reached XP level 4. HP: 31/31 MP: 4/4
  1598 | D:3      | Found a faded altar of an unknown god.
  1892 | D:3      | Found Qicita's General Store.
  2033 | D:3      | Prayed at the altar of an unknown god.
  2033 | D:3      | Became a worshipper of Fedhas Madash
  2033 | D:3      | Reached * piety under Fedhas
  2105 | D:4      | Reached XP level 5. HP: 20/36 MP: 5/5
  2116 | D:4      | Killed from afar by an orc wizard

Illustrated notes

Levels and vault maps discovered:
D:1:      dpeg_arrival_prison, layout_basic
D:2:      layout_loops_corners, serial_shops, shop_fountains
D:3:      layout_basic, serial_shops, shop, nicolae_ecumenical_pavilion
D:4:      layout_cave_pools

Skill      XL: |  1  2  3  4 |
---------------+-------------+-----
Stealth        | 1 2 3 |  3.8
Polearms       | 3 |  3.3
Fighting       | |  3.2
Dodging        | |  3.3
Shields        | |  3.2

Action                     |  1- 3 |  4- 6 || total
---------------------------+-------+-------++-------
  Melee: Trident           |    76 |    17 ||    93
         Constrict         |    11 |     2 ||    13
         Tentacles         |     6 |     2 ||     8
         Punch             |     1 |       ||     1
    Use: Potion            |       |     3 ||     3
   Stab: Sleeping          |    21 |     4 ||    25
 Armour: Skin              |    21 |    15 ||    36
  Dodge: Dodged            |    16 |     5 ||    21
  Block: Buckler           |     7 |       ||     7

Table legend: (Time is in decaauts)
 A = Elapsed time spent in this place.
 B = Non-inter-level travel time spent in this place.
 C = Inter-level travel time spent in this place.
 D = Time resting spent in this place.
 E = Time spent auto-exploring this place.
 F = Levels seen in this place.
 G = Mean time per level.
                   A        B        C        D        E       F      G
               +--------+--------+--------+--------+--------+-----+--------+
         Total |   2133 |   2035 |     98 |      0 |   1707 |   4 |  533.2 |
       Dungeon |   2133 |   2035 |     98 |      0 |   1707 |   4 |  533.2 |
               +--------+--------+--------+--------+--------+-----+--------+

Top non-repeatable levels by time:
     D:2: 957 daAuts
     D:1: 656 daAuts
     D:3: 444 daAuts
     D:4: 75 daAuts
